 Dungeon Crawl Stone Soup version 0.30.0-29-ga12c61a403 (webtiles) character file.

Game seed: 6859484908226309395

182307 qw the Severer (level 18, -17/117 HPs)
             Began as a Gargoyle Fighter on June 5, 2023.
             Was an Elder of Okawaru.
             Blown up by an orb spider (59 damage)
             ... with an orb of destruction
             ... on level 4 of the Spider Nest.
             The game lasted 00:15:00 (25659 turns).

qw the Severer (Gargoyle Fighter)                  Turns: 25659, Time: 00:15:01

Health: -17/117    AC: 44    Str: 27    XL:     18   Next: 33%
Magic:  25/25      EV:  9    Int: 10    God:    Okawaru [****..]
Gold:   681        SH: 20    Dex: 15    Spells: 17/17 levels left

rFire   + . .        b - +16 obsidian axe {drain, demonic, Mesm Drain Fly SInv}
rCold   . . .        G - +0 tower shield
rNeg    + . .        c - +5 plate armour {rF+}
rPois   inf          q - +2 helmet
rElec   +            u - scarf {repulsion}
rCorr   .            D - +2 pair of gloves
SInv    +            A - +1 pair of boots {Stlth+}
Will    +....        s - amulet of regeneration
Stlth   x              - +6 ring of dexterity
HPRegen 1.19/turn    B - +4 ring of slaying {mikee}
MPRegen 0.19/turn

%: repel missiles
@: on berserk cooldown, flying, mesmerised, slowed, very slow
A: sickness immunity, AC +13, big wings, negative energy resistance 1,
electricity resistance, torment resistance 1, petrification resistance
a: Renounce Religion, Heroism, Finesse


You were on level 4 of the Spider Nest.
You worshipped Okawaru.
Okawaru was greatly pleased with you.
You visited 6 branches of the dungeon, and saw 30 of its levels.

You collected 2777 gold pieces.
You spent 2096 gold pieces at shops.


Innate Abilities, Weirdness & Mutations

You are immune to sickness and miasma.
Your stone body is resilient. (AC +13)
You are immune to poison.
Your large and strong wings let you fly.
You resist negative energy. (rN+)
You are resistant to electric shocks. (rElec)
You are resistant to unholy torment.
You are immune to petrification.


   Skills:
 + Level 14.3 Fighting
 - Level 18.0 Axes
 - Level 6.0 Throwing
 - Level 13.0 Armour
 - Level 5.0 Dodging
 - Level 18.0 Shields
 - Level 10.0 Invocations


You had 17 spell levels left.
You didn't know any spells.
Your spell library was empty.

Inventory:

Hand Weapons
 b - the +16 obsidian axe (weapon) {drain, demonic, Mesm Drain Fly SInv}
   (You acquired it on level 1 of the Dungeon)

   Mesm:      Its wielder is mesmerised by any visible foes, and it cannot be
   unequipped while any foes are visible.
   SInv:      It lets you see invisible.
   Fly:       It grants you flight.
   Drain:     It drains your maximum health when unequipped.
 n - a +3 broad axe of electrocution
 F - the +8 broad axe "Hasot" {drain, *Noise Will++ Int+5}
   (You acquired it on level 1 of the Spider Nest)

   Int:       It affects your intelligence (+5).
   *Noise:    It may make noises in combat.
   Will:      It greatly increases your willpower.
Missiles
 k - 12 boomerangs
 v - 3 javelins (quivered)
Armour
 c - a +5 plate armour of fire resistance (worn)
 q - a +2 helmet (worn)
 t - a +0 cloak
 u - a scarf of repulsion (worn)
 y - +0 acid dragon scales
 A - a +1 pair of boots of stealth (worn)
 D - a +2 pair of gloves (worn)
 G - a +0 tower shield (worn)
Jewellery
 g - a ring of see invisible
 s - an amulet of regeneration (around neck)
 x - a +6 ring of dexterity (left hand)
 B - a +4 ring of slaying (right hand) {mikee}
Wands
 p - a wand of digging (13)
Scrolls
 a - 12 scrolls of identify
 h - 10 scrolls of teleportation
 i - 5 scrolls of enchant weapon
 w - 4 scrolls of brand weapon
Potions
 d - 6 potions of might
 e - 4 potions of mutation
 f - 4 potions of lignification
 j - 5 potions of attraction
 l - 12 potions of curing
 m - 6 potions of heal wounds
 o - 9 potions of haste
 r - a potion of cancellation
 z - 4 potions of magic
 C - 2 potions of resistance

Dungeon Overview and Level Annotations

Branches:
Dungeon (15/15)            Temple (1/1) D:5            Lair (5/5) D:10
  Swamp (3/4) Lair:2       Spider (4/4) Lair:2        Slime (0/5) Lair:5
    Orc (2/2) D:9             Elf (0/3) Orc:2        Vaults (0/5) D:13
 Depths (0/4) D:15

Altars:
Ashenzari
Cheibriados
Dithmenos
Elyvilon
Fedhas
Gozag
Hepliaklqana
Kikubaaqudgha
Makhleb
Nemelex Xobeh
Okawaru
Qazlal
Ru
Sif Muna
Trog
Uskayaw
Vehumet
Wu Jian
Xom
Yredelemnul
Zin
The Shining One
Jiyva
Lugonu

Shops:
D:2 [   D:3 ?   D:6 :!   D:12 !!   Orc:2 [[(?!

Portals:
Trove: D:15 (give +3 fire dragon scales)

Annotations:
Spider:2 1 runed translucent door, qw's ghost, adept GrFi


Message History

You drain the jumping spider. The jumping spider pounces on you!
You are caught in a web!
The jumping spider bites you but does no damage.
The jumping spider pounces on you but does no damage.
The jumping spider closely misses you.
The web tears apart.
The jumping spider leaps!
The orb spider weaves a glowing orb of energy.
You block the jumping spider's attack.
The jumping spider bites you but does no damage.
The jumping spider leaps!
The jumping spider barely misses you. The jumping spider misses you.
An orb of destruction comes into view.
You slice the jumping spider!! You drain the jumping spider!
You are no longer entranced.
You kill the jumping spider!
Okawaru accepts your kill.
Visions of slaying the orb spider flood into your mind.
The jumping spider leaps!
The wavering orb of destruction hits you.
The orb spider pulsates with a strange energy.
The jumping spider leaps!
The orb spider weaves a glowing orb of energy.
An orb of destruction comes into view.
There is a stone staircase leading up here.
You closely miss the jumping spider.
Visions of slaying the jumping spider flood into your mind.
The jumping spider pounces on you but does no damage.
The jumping spider closely misses you.
The orb spider weaves a glowing orb of energy.
An orb of destruction comes into view.
You slice the jumping spider!! You drain the jumping spider!
You are no longer entranced.
You kill the jumping spider!
Okawaru accepts your kill.
Visions of slaying the orb spider flood into your mind.
You feel like a meek peon again. The orb of destruction hits you!!!
Ouch! That really hurt!
You die...

##### # #^^. ..
###..^#..
##.##^.. #
#.%.#.# s#
#.(%%.#0#..#.
#..#^#.@0*s....
#....#^...s#.#.
##....#.....#
#.##.^^0###...^
#.. #..#.. ...
#. ..#...? .. !
.#...... . ..##
##...


You could see 3 orb spiders.

Vanquished Creatures
  Rupert (D:14)
  Gastronok (Lair:2)
  Frances (D:14)
  Donald (Swamp:3)
  2 emperor scorpions
  A fenstrider witch (Swamp:2)
  Louise (D:14)
  A caustic shrike zombie (D:15)
  2 ghost moths
  An orc warlord (Orc:1)
  6 eleionomae
  6 bunyips
  Azrael (D:14)
  3 spark wasps (Spider:2)
  An ettin (Orc:1)
  Josephine (Orc:2)
  A shambling mangrove (Swamp:1)
  5 entropy weavers
  A fire dragon (Lair:5)
  15 hydras
  5 vault guards (D:13)
  A ghost crab (Swamp:1)
  5 boulder beetles
  3 radroaches
  A jorogumo (Spider:4)
  An ogre mage (D:13)
  5 alligators
  6 centaur warriors
  2 two-headed ogres
  A vampire mage (D:15)
  Erica (D:8)
  3 orc high priests (Orc:2)
  2 tengu warriors (D:15)
  4 skysharks
  Nergalle (D:11)
  A fire crab (Lair:5)
  A death drake (Swamp:2)
  A sun moth (Spider:3)
  2 skeletal warriors (D:15)
  7 pharaoh ants
  3 orb spiders
  4 spriggan druids
  A bog body (Swamp:3)
  A spark wasp zombie (D:15)
  2 swamp dragons
  A deep elf archer (D:13)
  A wizard (D:14)
  5 orc knights (Orc:2)
  Pikel (D:7)
  3 steelbarb worms
  2 necromancers
  22 wolf spiders
  A stone giant zombie (D:15)
  4 wolf spider zombies (Spider:2)
  3 deep elf pyromancers
  A will-o-the-wisp (Swamp:3)
  6 manticores
  9 orc sorcerers
  10 ugly things (D:14)
  5 cyclopes
  3 black mambas
  2 moths of wrath
  14 elephants
  Maurice (D:13)
  2 gargoyles
  6 demonic crawlers
  6 torpor snails
  3 unseen horrors
  6 cane toads
  8 komodo dragons
  6 redback zombies (Spider:2)
  6 rime drakes
  2 tengu conjurers (D:14)
  A bloated husk (Swamp:3)
  5 trolls
  A spriggan skeleton (D:15)
  11 polar bears
  10 tyrant leeches
  10 hornets
  Prince Ribbit (D:7)
  30 tarantellas
  16 blink frogs
  8 culicivora zombies (Spider:2)
  6 tarantella zombies (Spider:2)
  8 slime creatures
  27 jumping spiders
  Sigmund (D:6)
  11 spriggans
  3 shadows
  A vampire (D:11)
  24 culicivoras
  3 humans
  2 fire elementals (D:14)
  5 wraiths
  Eustachio (D:4)
  3 wyverns
  A human (shapeshifter) (D:14)
  38 yaks
  13 vampire mosquitoes
  36 redbacks
  4 steam dragons
  10 basilisks
  9 wargs
  Edmund (D:4)
  9 swamp worms
  17 water moccasins
  3 acid dragons
  Duvessa (D:7)
  18 hell hounds
  18 orc warriors
  A swamp drake (Swamp:1)
  12 black bears
  2 sky beasts (D:8)
  3 ice beasts
  47 wolves
  3 ogres
  14 centaurs
  3 lemures (D:7)
  5 kobold brigands
  8 bullfrogs
  2 scorpions
  Dowan (D:7)
  12 killer bees
  5 electric eels
  2 howler monkeys (D:12)
  A jelly (D:5)
  11 orc priests
  Jessica (D:3)
  2 sleepcaps
  4 iguanas
  13 orc wizards
  6 gnolls
  4 adders
  A shadow imp (D:7)
  A white imp (D:8)
  3 worms
  2 dart slugs (D:1)
  32 orcs
  3 bats
  7 endoplasms
  3 giant cockroaches
  2 goblins
  4 hobgoblins (D:1)
  4 jackals (D:1)
  6 quokkas
  5 ball pythons
  5 frilled lizards
  26 kobolds
  4 rats
  A spectral weapon (Swamp:3)
892 creatures vanquished.

Vanquished Creatures (collateral kills)
  2 kobold demonologists (D:9)
  A yak (D:9)
  A sky beast (D:7)
  An ogre (D:6)
  A centaur (D:7)
  A lemure (D:7)
  A phantom (D:6)
  A kobold brigand (D:9)
  A scorpion (D:6)
  4 killer bees (D:9)
  3 orc priests
  A sleepcap (D:6)
  An orc wizard (D:6)
  A gnoll (D:2)
  An adder (D:6)
  A white imp (D:5)
  A worm (D:3)
  4 orcs
  A bat (D:3)
  2 endoplasms
  7 kobolds
  A ball python (D:2)
  2 rats
40 creatures vanquished.

Vanquished Creatures (others)
  An orc priest (Orc:2)
1 creature vanquished.

Grand Total: 933 creatures vanquished

Notes
Turn   | Place    | Note
-------+----------+-------------------------------------------
     0 | D:1      | qw the Gargoyle Fighter began the quest for the Orb.
     0 | D:1      | Reached XP level 1. HP: 14/14 MP: 1/1
     0 | D:1      | 0 ||| qw: Version: 0.2-a-108-gee2c290
     0 | D:1      | 0 ||| qw: Game counter: 1422
     0 | D:1      | 0 ||| qw: Always use a shield: true
     0 | D:1      | 0 ||| qw: God list: Okawaru
     0 | D:1      | 0 ||| qw: Allow faded altars: false
     0 | D:1      | 0 ||| qw: Do Orc after D:15 true
     0 | D:1      | 0 ||| qw: Do second Lair branch before Depths: true
     0 | D:1      | 0 ||| qw: Lair rune preference: random
     0 | D:1      | 0 ||| qw: Plans: Normal, Zot:1-4, Slime:5, God:TSO, Crypt,
                  | Tomb, Abyss, Pan, Hells, Win
     0 | D:1      | 0 ||| PLANNING D:1-11
   102 | D:1      | 102 ||| Stepping ~*~*~tactically~*~*~ (hiding).
   117 | D:1      | Reached XP level 2. HP: 19/19 MP: 2/2
   129 | D:1      | 129 ||| Stepping ~*~*~tactically~*~*~ (stealth).
   252 | D:1      | 252 ||| Stepping ~*~*~tactically~*~*~ (stealth).
   338 | D:1      | Reached skill level 3 in Axes
   348 | D:1      | Reached XP level 3. HP: 17/23 MP: 3/3
   517 | D:1      | Found a faded altar of an unknown god.
   794 | D:1      | 794 ||| UPGRADING to +0 chain mail.
   804 | D:1      | 804 ||| DROPPING +0 scale mail.
   805 | D:1      | 805 ||| READING 2 scrolls labelled MUUQI KOHYUGY.
   806 | D:1      | 806 ||| READING 3 scrolls labelled BOEXAO GEGIUNO.
   811 | D:1      | 811 ||| READING scroll labelled KEADGH GYTATZING.
   811 | D:1      | Identified a scroll of acquirement
   811 | D:1      | 811 ||| ACQUIRING +16 obsidian axe {drain, demonic, Mesm
                  | Drain Fly SInv}
   811 | D:1      | Acquired the +16 obsidian axe {drain, demonic, Mesm Drain
                  | Fly SInv}
   811 | D:1      | Found the +16 obsidian axe {drain, demonic, Mesm Drain Fly
                  | SInv}
   813 | D:1      | 813 ||| SWAPPING to +16 obsidian axe {drain, demonic, Mesm
                  | Drain Fly SInv}.
   905 | D:2      | 905 ||| DROPPING +0 whip.
   965 | D:2      | Reached XP level 4. HP: 28/28 MP: 4/4
  1211 | D:2      | Found Erotaa's Armour Emporium.
  1215 | D:2      | 1215 ||| SHOPLISTING +0 shadow dragon scales (960 gold,
                  | have 114).
  1215 | D:2      | 1215 ||| SHOPLISTING +2 plate armour of fire resistance
                  | (480 gold, have 114).
  1390 | D:2      | 1390 ||| UPGRADING to +0 helmet.
  1395 | D:2      | 1395 ||| READING scroll labelled PEUPOB TOPRA.
  1396 | D:2      | 1396 ||| READING scroll labelled FOTITO ZEZXACW.
  1397 | D:2      | 1397 ||| READING scroll labelled FUAMUA PADAEPP.
  1398 | D:2      | 1398 ||| READING scroll labelled GEGGYI RIAC.
  1424 | D:3      | Noticed Jessica
  1428 | D:3      | Reached XP level 5. HP: 28/32 MP: 5/5
  1429 | D:3      | Killed Jessica
  1466 | D:3      | 1466 ||| Stepping ~*~*~tactically~*~*~ (stealth).
  1664 | D:3      | 1664 ||| Stepping ~*~*~tactically~*~*~ (hiding).
  1666 | D:3      | 1666 ||| Stepping ~*~*~tactically~*~*~ (hiding).
  1667 | D:3      | 1667 ||| Stepping ~*~*~tactically~*~*~ (hiding).
  1672 | D:3      | 1672 ||| Stepping ~*~*~tactically~*~*~ (hiding).
  1680 | D:3      | Reached XP level 6. HP: 32/38 MP: 6/6
  1728 | D:3      | Found a stormy altar of Qazlal.
  1733 | D:3      | You are sucked into a shaft and drop 1 floor!
  1734 | D:4      | 1734 ||| PLANNING SEWER
  1841 | D:4      | Found a broken altar of Ashenzari.
  2205 | D:4      | Noticed Edmund
  2212 | D:4      | Killed Edmund
  2213 | D:4      | Reached skill level 6 in Axes
  2272 | D:4      | 2272 ||| DROPPING +0 flail.
  2341 | D:4      | 2341 ||| RIP SEWER
  2442 | D:4      | Noticed Eustachio
  2443 | D:4      | 2443 ||| PLANNING D:1-11
  2443 | D:4      | 2443 ||| FLEEEEING.
  2446 | D:4      | 2446 ||| READING scroll labelled ZOATRE JETU.
  2453 | D:4      | 2453 ||| DRINKING 2 green potions.
  2454 | D:4      | 2454 ||| DRINKING 2 amethyst potions.
  2455 | D:4      | 2455 ||| FLEEEEING.
  2470 | D:4      | Killed Eustachio
  2471 | D:4      | Reached XP level 7. HP: 37/43 MP: 7/7
  2493 | D:4      | 2493 ||| READING 3 scrolls of identify.
  2493 | D:4      | 2493 ||| IDENTIFYING golden potion
  2494 | D:4      | 2494 ||| READING 2 scrolls of identify.
  2494 | D:4      | 2494 ||| IDENTIFYING pink potion
  2495 | D:4      | 2495 ||| DROPPING potion of brilliance.
  2496 | D:4      | 2496 ||| DROPPING potion of degeneration.
  2497 | D:4      | 2497 ||| DROPPING potion of invisibility.
  2593 | D:3      | 2593 ||| READING scroll of enchant armour.
  2593 | D:3      | 2593 ||| ENCHANTING +0 helmet.
  2603 | D:3      | 2603 ||| Stepping ~*~*~tactically~*~*~ (stealth).
  2862 | D:3      | Found Qeass's Magic Scroll Boutique.
  2870 | D:3      | 2870 ||| SHOPLISTING scroll of acquirement (676 gold, have
                  | 260).
  2870 | D:3      | 2870 ||| BUYING scroll of enchant weapon (97 gold).
  2870 | D:3      | Bought a scroll of enchant weapon for 97 gold pieces
  2870 | D:3      | 2870 ||| BUYING scroll of identify (26 gold).
  2870 | D:3      | Bought a scroll of identify for 26 gold pieces
  2870 | D:3      | 2870 ||| BUYING scroll of identify (26 gold).
  2870 | D:3      | Bought a scroll of identify for 26 gold pieces
  2870 | D:3      | 2870 ||| BUYING scroll of identify (26 gold).
  2870 | D:3      | Bought a scroll of identify for 26 gold pieces
  2920 | D:3      | Found a white marble altar of Elyvilon.
  3070 | D:3      | 3070 ||| READING scroll labelled CIEKUT VIDU.
  3171 | D:3      | 3171 ||| READING 5 scrolls of identify.
  3171 | D:3      | 3171 ||| IDENTIFYING fizzy blue potion
  3172 | D:3      | 3172 ||| READING 4 scrolls of identify.
  3172 | D:3      | 3172 ||| IDENTIFYING fizzy golden potion
  3173 | D:3      | 3173 ||| READING 3 scrolls of identify.
  3173 | D:3      | 3173 ||| IDENTIFYING puce potion
  3174 | D:3      | 3174 ||| READING 2 scrolls of identify.
  3174 | D:3      | 3174 ||| IDENTIFYING bubbling red potion
  3175 | D:3      | 3175 ||| DROPPING potion of flight.
  3465 | D:4      | 3465 ||| Stepping ~*~*~tactically~*~*~ (stealth).
  3564 | D:5      | Entered Level 5 of the Dungeon
  3575 | D:5      | 3575 ||| STAIRDANCE
  3631 | D:5      | Found a staircase to the Ecumenical Temple.
  3632 | D:5      | 3632 ||| PLANNING TEMPLE
  3640 | Temple   | Entered the Ecumenical Temple
  3640 | Temple   | Found a transporter.
  3640 | Temple   | Found a transporter.
  3642 | Temple   | Found a transporter.
  3642 | Temple   | Found a transporter.
  3652 | Temple   | 3652 ||| PLANNING D:1-11
  3789 | D:5      | Found a glowing silver altar of Zin.
  3789 | D:5      | Noticed an angel
  4020 | D:5      | 4020 ||| DRINKING 2 inky potions.
  4074 | D:5      | 4074 ||| Stepping ~*~*~tactically~*~*~ (hiding).
  4079 | D:5      | 4079 ||| Stepping ~*~*~tactically~*~*~ (hiding).
  4080 | D:5      | 4080 ||| Stepping ~*~*~tactically~*~*~ (hiding).
  4344 | D:5      | 4344 ||| UPGRADING to amulet of guardian spirit.
  4416 | D:6      | Reached skill level 1 in Throwing
  4416 | D:6      | Reached XP level 8. HP: 49/49 MP: 6/8
  4438 | D:6      | Reached skill level 1 in Dodging
  4565 | D:6      | 4565 ||| Stepping ~*~*~tactically~*~*~ (hiding).
  4569 | D:6      | 4569 ||| Stepping ~*~*~tactically~*~*~ (hiding).
  4637 | D:6      | Found Foavurhe's Book Shoppe.
  4642 | D:6      | Reached skill level 6 in Fighting
  4674 | D:6      | 4674 ||| DRINKING 2 potions of curing.
  4674 | D:6      | 4674 ||| (to cure confusion)
  4675 | D:6      | 4675 ||| Stepping ~*~*~tactically~*~*~ (hiding).
  5026 | D:6      | Noticed Sigmund
  5027 | D:6      | 5027 ||| Stepping ~*~*~tactically~*~*~ (hiding).
  5034 | D:6      | Killed Sigmund
  5144 | D:6      | Found Bayxopap's Distillery.
  5150 | D:6      | 5150 ||| BUYING potion of cancellation (88 gold).
  5150 | D:6      | Bought a potion of cancellation for 88 gold pieces
  5150 | D:6      | 5150 ||| BUYING potion of curing (33 gold).
  5150 | D:6      | Bought a potion of curing for 33 gold pieces
  5150 | D:6      | 5150 ||| BUYING potion of heal wounds (55 gold).
  5150 | D:6      | Bought a potion of heal wounds for 55 gold pieces
  5150 | D:6      | 5150 ||| SHOPLISTING potion of heal wounds (55 gold, have
                  | 24).
  5150 | D:6      | 5150 ||| SHOPLISTING potion of magic (88 gold, have 24).
  5277 | D:6      | 5277 ||| UPGRADING to +0 cloak.
  5282 | D:6      | 5282 ||| UPGRADING to amulet of regeneration.
  5292 | D:6      | 5292 ||| DROPPING amulet of guardian spirit.
  5313 | D:7      | Reached XP level 9. HP: 55/55 MP: 9/9
  5346 | D:7      | Found a hide-covered altar of Uskayaw.
  5379 | D:7      | 5379 ||| Stepping ~*~*~tactically~*~*~ (stealth).
  5381 | D:7      | Noticed Pikel
  5391 | D:7      | 5391 ||| DRINKING potion of cancellation.
  5392 | D:7      | Killed Pikel
  5393 | D:7      | Reached skill level 9 in Axes
  5441 | D:7      | 5441 ||| Stepping ~*~*~tactically~*~*~ (hiding).
  5442 | D:7      | 5442 ||| Stepping ~*~*~tactically~*~*~ (hiding).
  5445 | D:7      | 5445 ||| Stepping ~*~*~tactically~*~*~ (hiding).
  5580 | D:7      | Noticed Dowan
  5582 | D:7      | Noticed Duvessa
  5588 | D:7      | Killed Duvessa
  5589 | D:7      | Killed Dowan
  5652 | D:7      | 5652 ||| Stepping ~*~*~tactically~*~*~ (hiding).
  5659 | D:7      | 5659 ||| Stepping ~*~*~tactically~*~*~ (hiding).
  5962 | D:7      | Noticed Prince Ribbit
  5967 | D:7      | Killed Prince Ribbit
  5980 | D:7      | 5980 ||| READING scroll labelled QINWIRH MOZIE.
  6501 | D:8      | Noticed Erica
  6502 | D:8      | 6502 ||| DRINKING 2 potions of curing.
  6502 | D:8      | 6502 ||| (to cure confusion)
  6510 | D:8      | Killed Erica
  6511 | D:8      | Reached XP level 10. HP: 60/65 MP: 10/10
  6612 | D:8      | Found a sacrificial altar of Ru.
  7128 | D:8      | 7128 ||| DROPPING orb of light.
  7167 | D:9      | 7167 ||| STAIRDANCE
  7231 | D:9      | 7231 ||| READING scroll of enchant armour.
  7231 | D:9      | 7231 ||| ENCHANTING +1 helmet.
  7378 | D:9      | Found a staircase to the Orcish Mines.
  7385 | D:9      | Noticed a kobold demonologist
  7387 | D:9      | Noticed a kobold demonologist
  7389 | D:9      | 7389 ||| Stepping ~*~*~tactically~*~*~ (hiding).
  7390 | D:9      | 7390 ||| Stepping ~*~*~tactically~*~*~ (hiding).
  7400 | D:9      | Killed a kobold demonologist
  7403 | D:9      | Killed a kobold demonologist
  7404 | D:9      | Reached skill level 6 in Armour
  7408 | D:9      | 7408 ||| Stepping ~*~*~tactically~*~*~ (hiding).
  7470 | D:9      | Reached skill level 9 in Fighting
  7492 | D:9      | 7492 ||| Stepping ~*~*~tactically~*~*~ (stealth).
  7525 | D:9      | Reached XP level 11. HP: 70/71 MP: 11/11
  7551 | D:9      | 7551 ||| Stepping ~*~*~tactically~*~*~ (stealth).
  7553 | D:9      | 7553 ||| Stepping ~*~*~tactically~*~*~ (stealth).
  7597 | D:9      | Reached skill level 12 in Axes
  7625 | D:9      | Found a snail-covered altar of Cheibriados.
  7868 | D:9      | Found an iron altar of Okawaru.
  7869 | D:9      | 7869 ||| PLANNING OKAWARU WORSHIP
  7869 | D:9      | 7869 ||| DROPPING +6 ring of intelligence.
  7895 | D:9      | Became a worshipper of Warmaster Okawaru
  7895 | D:9      | 7895 ||| PLANNING D:1-11
  7904 | D:9      | 7904 ||| Stepping ~*~*~tactically~*~*~ (hiding).
  7909 | D:9      | Reached skill level 6 in Shields
  7913 | D:9      | 7913 ||| Stepping ~*~*~tactically~*~*~ (stealth).
  7921 | D:9      | 7921 ||| Stepping ~*~*~tactically~*~*~ (stealth).
  7998 | D:10     | Entered Level 10 of the Dungeon
  8050 | D:10     | Found a staircase to the Lair.
  8051 | D:10     | 8051 ||| Stepping ~*~*~tactically~*~*~ (hiding).
  8052 | D:10     | 8052 ||| Stepping ~*~*~tactically~*~*~ (hiding).
  8134 | D:10     | Reached * piety under Okawaru
  8199 | D:10     | Reached skill level 1 in Invocations
  8236 | D:10     | 8236 ||| Stepping ~*~*~tactically~*~*~ (hiding).
  8237 | D:10     | 8237 ||| Stepping ~*~*~tactically~*~*~ (hiding).
  8238 | D:10     | 8238 ||| Stepping ~*~*~tactically~*~*~ (hiding).
  8239 | D:10     | 8239 ||| Stepping ~*~*~tactically~*~*~ (hiding).
  8247 | D:10     | 8247 ||| INVOKING Heroism.
  8248 | D:10     | 8248 ||| READING 4 scrolls of teleportation.
  8323 | D:10     | 8323 ||| Stepping ~*~*~tactically~*~*~ (stealth).
  8325 | D:10     | 8325 ||| Stepping ~*~*~tactically~*~*~ (stealth).
  8335 | D:10     | 8335 ||| INVOKING Heroism.
  8342 | D:10     | 8342 ||| Stepping ~*~*~tactically~*~*~ (hiding).
  8392 | D:10     | Reached skill level 3 in Invocations
  8399 | D:10     | Identified the +0 broad axe "Elujoleg" {pain, Fragile rPois
                  | Int+4}
  8401 | D:10     | 8401 ||| DROPPING +0 broad axe "Elujoleg" {pain, Fragile
                  | rPois Int+4}.
  8631 | D:10     | Noticed a two-headed ogre
  8632 | D:10     | 8632 ||| INVOKING Heroism.
  8636 | D:10     | Killed a two-headed ogre
  8636 | D:10     | Reached ** piety under Okawaru
  8687 | D:10     | Found a sparkling altar of Nemelex Xobeh.
  8882 | D:10     | 8882 ||| PLANNING LAIR
  8882 | D:10     | 8882 ||| UPGRADING to +0 plate armour.
  8892 | D:10     | 8892 ||| DROPPING +0 chain mail.
  8931 | Lair:1   | Entered Level 1 of the Lair of Beasts
  8933 | Lair:1   | 8933 ||| INVOKING Heroism.
  9115 | Lair:1   | 9115 ||| Stepping ~*~*~tactically~*~*~ (cloud).
  9116 | Lair:1   | 9116 ||| INVOKING Heroism.
  9120 | Lair:1   | 9120 ||| Stepping ~*~*~tactically~*~*~ (cloud).
  9209 | Lair:1   | 9209 ||| INVOKING Heroism.
  9526 | Lair:1   | Reached skill level 9 in Armour
  9526 | Lair:1   | Reached XP level 12. HP: 77/77 MP: 15/15
  9735 | Lair:1   | 9735 ||| DROPPING amulet of magic regeneration.
  9736 | Lair:1   | 9736 ||| READING scroll labelled ZAPEYMMONI.
  9737 | Lair:1   | 9737 ||| READING scroll labelled TOTAGEOGHU.
  9738 | Lair:1   | 9738 ||| READING scroll labelled TAN CUFFU TACA QYSM.
  9752 | Lair:1   | 9752 ||| READING scroll labelled GUMPIGH TYJE.
  9788 | Lair:2   | Noticed a skyshark
  9799 | Lair:2   | Killed a skyshark
  9865 | Lair:2   | Noticed Gastronok
  9866 | Lair:2   | 9866 ||| INVOKING Heroism.
  9879 | Lair:2   | Killed Gastronok
  9933 | Lair:2   | 9933 ||| Stepping ~*~*~tactically~*~*~ (stealth).
  9949 | Lair:2   | 9949 ||| INVOKING Heroism.
  9950 | Lair:2   | 9950 ||| Stepping ~*~*~tactically~*~*~ (hiding).
  9971 | Lair:2   | 9971 ||| Stepping ~*~*~tactically~*~*~ (stealth).
  9981 | Lair:2   | 9981 ||| INVOKING Heroism.
 10018 | Lair:2   | 10018 ||| INVOKING Heroism.
 10054 | Lair:2   | Noticed a skyshark
 10062 | Lair:2   | Killed a skyshark
 10062 | Lair:2   | Reached *** piety under Okawaru
 10079 | Lair:2   | 10079 ||| Stepping ~*~*~tactically~*~*~ (stealth).
 10080 | Lair:2   | 10080 ||| Stepping ~*~*~tactically~*~*~ (stealth).
 10119 | Lair:2   | Found a hole to the Spider Nest.
 10121 | Lair:2   | 10121 ||| Stepping ~*~*~tactically~*~*~ (stealth).
 10133 | Lair:2   | 10133 ||| INVOKING Heroism.
 10145 | Lair:2   | Reached **** piety under Okawaru
 10190 | Lair:2   | 10190 ||| INVOKING Heroism.
 10192 | Lair:2   | HP: 19/77 [culicivora (6)]
 10193 | Lair:2   | 10193 ||| READING 5 scrolls of teleportation.
 10194 | Lair:2   | 10194 ||| READING 8 scrolls of identify.
 10194 | Lair:2   | 10194 ||| IDENTIFYING brown potion
 10269 | Lair:2   | Noticed a six-headed hydra
 10270 | Lair:2   | 10270 ||| INVOKING Heroism.
 10283 | Lair:2   | Killed a 12-headed hydra
 10452 | Lair:2   | 10452 ||| Stepping ~*~*~tactically~*~*~ (stealth).
 10453 | Lair:2   | 10453 ||| INVOKING Heroism.
 10535 | Lair:2   | 10535 ||| Stepping ~*~*~tactically~*~*~ (stealth).
 10540 | Lair:2   | 10540 ||| INVOKING Heroism.
 10553 | Lair:2   | Reached XP level 13. HP: 58/84 MP: 14/17
 10758 | Lair:2   | 10758 ||| Stepping ~*~*~tactically~*~*~ (hiding).
 10760 | Lair:2   | 10760 ||| Stepping ~*~*~tactically~*~*~ (hiding).
 10765 | Lair:2   | 10765 ||| INVOKING Heroism.
 10767 | Lair:2   | Reached skill level 6 in Invocations
 10791 | Lair:2   | Found a staircase to the Swamp.
 10918 | Lair:2   | 10918 ||| UPGRADING to +6 ring of dexterity.
 10919 | Lair:2   | 10919 ||| READING 7 scrolls of identify.
 10919 | Lair:2   | 10919 ||| IDENTIFYING grey potion
 10920 | Lair:2   | 10920 ||| DROPPING potion of berserk rage.
 10981 | Lair:3   | Received a gift from Okawaru
 11085 | Lair:3   | 11085 ||| INVOKING Heroism.
 11090 | Lair:3   | Reached skill level 3 in Dodging
 11250 | Lair:3   | Reached ***** piety under Okawaru
 11263 | Lair:3   | Received a gift from Okawaru
 11309 | Lair:3   | 11309 ||| INVOKING Heroism.
 11516 | Lair:3   | 11516 ||| INVOKING Heroism.
 11517 | Lair:3   | 11517 ||| INVOKING Finesse.
 11574 | Lair:3   | Found an ornate altar of the Wu Jian Council.
 11609 | Lair:3   | 11609 ||| READING scroll of acquirement.
 11609 | Lair:3   | 11609 ||| ACQUIRING +0 pair of boots of stealth
 11609 | Lair:3   | Acquired a +0 pair of boots of stealth
 11611 | Lair:3   | 11611 ||| UPGRADING to scarf of repulsion.
 11621 | Lair:3   | 11621 ||| DROPPING +1 helmet.
 11622 | Lair:3   | 11622 ||| UPGRADING to +0 pair of boots of stealth.
 11766 | Lair:3   | 11766 ||| Stepping ~*~*~tactically~*~*~ (stealth).
 11866 | Lair:3   | 11866 ||| READING 6 scrolls of identify.
 11866 | Lair:3   | 11866 ||| IDENTIFYING fizzy silvery potion
 11885 | Lair:4   | Reached skill level 9 in Invocations
 11927 | Lair:4   | 11927 ||| INVOKING Heroism.
 11991 | Lair:4   | 11991 ||| INVOKING Heroism.
 11994 | Lair:4   | 11994 ||| Stepping ~*~*~tactically~*~*~ (stealth).
 12095 | Lair:4   | You are sucked into a shaft and drop 1 floor!
 12095 | Lair:5   | Entered Level 5 of the Lair of Beasts
 12116 | Lair:5   | 12116 ||| INVOKING Heroism.
 12162 | Lair:5   | 12162 ||| INVOKING Heroism.
 12173 | Lair:5   | Reached skill level 15 in Axes
 12270 | Lair:5   | 12270 ||| Stepping ~*~*~tactically~*~*~ (hiding).
 12281 | Lair:5   | 12281 ||| INVOKING Heroism.
 12297 | Lair:5   | 12297 ||| Stepping ~*~*~tactically~*~*~ (stealth).
 12322 | Lair:5   | Gained mutation: Your large and strong wings let you fly.
                  | [Gargoyle growth]
 12322 | Lair:5   | Reached XP level 14. HP: 90/90 MP: 21/21
 12328 | Lair:5   | 12328 ||| INVOKING Heroism.
 12330 | Lair:5   | 12330 ||| Stepping ~*~*~tactically~*~*~ (stealth).
 12352 | Lair:5   | 12352 ||| INVOKING Heroism.
 12361 | Lair:5   | Reached skill level 12 in Fighting
 12390 | Lair:5   | 12390 ||| Stepping ~*~*~tactically~*~*~ (cloud).
 12391 | Lair:5   | 12391 ||| Stepping ~*~*~tactically~*~*~ (cloud).
 12392 | Lair:5   | 12392 ||| Stepping ~*~*~tactically~*~*~ (cloud).
 12394 | Lair:5   | 12394 ||| Stepping ~*~*~tactically~*~*~ (cloud).
 12404 | Lair:5   | 12404 ||| Stepping ~*~*~tactically~*~*~ (stealth).
 12405 | Lair:5   | 12405 ||| Stepping ~*~*~tactically~*~*~ (stealth).
 12407 | Lair:5   | 12407 ||| Stepping ~*~*~tactically~*~*~ (stealth).
 12413 | Lair:5   | 12413 ||| Stepping ~*~*~tactically~*~*~ (stealth).
 12424 | Lair:5   | 12424 ||| Stepping ~*~*~tactically~*~*~ (hiding).
 12430 | Lair:5   | Received a gift from Okawaru
 12598 | Lair:5   | 12598 ||| Stepping ~*~*~tactically~*~*~ (hiding).
 12629 | Lair:5   | Reached skill level 3 in Throwing
 12734 | Lair:5   | 12734 ||| INVOKING Heroism.
 12783 | Lair:5   | 12783 ||| Stepping ~*~*~tactically~*~*~ (stealth).
 12791 | Lair:5   | Identified the +1 robe of the Shore {-Cast Rampage rC-
                  | Will+ Str+5}
 12800 | Lair:5   | 12800 ||| INVOKING Heroism.
 12801 | Lair:5   | 12801 ||| INVOKING Finesse.
 12829 | Lair:5   | 12829 ||| Stepping ~*~*~tactically~*~*~ (stealth).
 12842 | Lair:5   | 12842 ||| Stepping ~*~*~tactically~*~*~ (stealth).
 12843 | Lair:5   | 12843 ||| Stepping ~*~*~tactically~*~*~ (stealth).
 12847 | Lair:5   | 12847 ||| INVOKING Heroism.
 12858 | Lair:5   | 12858 ||| Stepping ~*~*~tactically~*~*~ (stealth).
 12886 | Lair:5   | 12886 ||| UPGRADING to +4 ring of slaying {mikee}.
 12887 | Lair:5   | 12887 ||| READING scroll labelled RIUHON KUKEPTOSA.
 12942 | Lair:4   | 12942 ||| INVOKING Heroism.
 13148 | Lair:4   | 13148 ||| FLEEEEING.
 13149 | Lair:4   | 13149 ||| FLEEEEING.
 13153 | Lair:4   | 13153 ||| FLEEEEING.
 13308 | Lair:4   | 13308 ||| READING scroll labelled HOLYACZUDGH.
 13476 | Lair:5   | Found a viscous altar of Jiyva.
 13479 | Lair:5   | Found a staircase to the Slime Pits.
 13660 | Lair:5   | 13660 ||| Stepping ~*~*~tactically~*~*~ (stealth).
 13668 | Lair:5   | 13668 ||| Stepping ~*~*~tactically~*~*~ (hiding).
 13672 | Lair:5   | 13672 ||| INVOKING Heroism.
 13673 | Lair:5   | 13673 ||| INVOKING Finesse.
 13700 | Lair:5   | 13700 ||| Stepping ~*~*~tactically~*~*~ (stealth).
 13993 | Lair:5   | 13993 ||| PLANNING D:1-11
 14183 | D:11     | 14183 ||| Stepping ~*~*~tactically~*~*~ (stealth).
 14195 | D:11     | Identified the +9 quarterstaff of Poyhayseng {freeze, rN++
                  | Int+3 Dex+4 Stlth-} (Okawaru gifted it to you on level 11
                  | of the Dungeon)
 14195 | D:11     | Received a gift from Okawaru
 14224 | D:11     | Found a shadowy altar of Dithmenos.
 14273 | D:11     | 14273 ||| DRINKING 5 potions of curing.
 14273 | D:11     | 14273 ||| (to cure confusion)
 14356 | D:11     | 14356 ||| Stepping ~*~*~tactically~*~*~ (hiding).
 14507 | D:11     | Noticed Nergalle
 14515 | D:11     | Killed Nergalle
 14866 | D:11     | 14866 ||| INVOKING Heroism.
 14910 | D:11     | 14910 ||| DROPPING +1 flail of draining.
 14917 | D:11     | 14917 ||| PLANNING D
 14993 | D:12     | 14993 ||| READING scroll of enchant armour.
 14993 | D:12     | 14993 ||| ENCHANTING +0 pair of boots of stealth.
 15017 | D:12     | Found Guz Lil's Distillery.
 15020 | D:12     | 15020 ||| BUYING potion of cancellation (104 gold).
 15020 | D:12     | Bought a potion of cancellation for 104 gold pieces
 15020 | D:12     | 15020 ||| BUYING potion of curing (39 gold).
 15020 | D:12     | Bought a potion of curing for 39 gold pieces
 15020 | D:12     | 15020 ||| BUYING potion of curing (39 gold).
 15020 | D:12     | Bought a potion of curing for 39 gold pieces
 15020 | D:12     | 15020 ||| BUYING potion of curing (39 gold).
 15020 | D:12     | Bought a potion of curing for 39 gold pieces
 15020 | D:12     | 15020 ||| BUYING potion of haste (130 gold).
 15020 | D:12     | Bought a potion of haste for 130 gold pieces
 15020 | D:12     | 15020 ||| BUYING potion of magic (104 gold).
 15020 | D:12     | Bought a potion of magic for 104 gold pieces
 15020 | D:12     | 15020 ||| BUYING potion of magic (104 gold).
 15020 | D:12     | Bought a potion of magic for 104 gold pieces
 15022 | D:12     | 15022 ||| Stepping ~*~*~tactically~*~*~ (stealth).
 15100 | D:12     | Found Heneiwn's Distillery.
 15109 | D:12     | 15109 ||| BUYING potion of attraction (36 gold).
 15109 | D:12     | Bought a potion of attraction for 36 gold pieces
 15109 | D:12     | 15109 ||| BUYING potion of curing (36 gold).
 15109 | D:12     | Bought a potion of curing for 36 gold pieces
 15109 | D:12     | 15109 ||| BUYING potion of haste (120 gold).
 15109 | D:12     | Bought a potion of haste for 120 gold pieces
 15109 | D:12     | 15109 ||| BUYING potion of haste (120 gold).
 15109 | D:12     | Bought a potion of haste for 120 gold pieces
 15109 | D:12     | 15109 ||| SHOPLISTING potion of magic (96 gold, have 64).
 15219 | D:12     | Found a corrupted altar of Lugonu.
 15467 | D:12     | 15467 ||| INVOKING Heroism.
 15468 | D:12     | 15468 ||| INVOKING Finesse.
 15536 | D:12     | 15536 ||| DROPPING +2 hat.
 15620 | D:13     | 15620 ||| INVOKING Heroism.
 15680 | D:13     | Found a frozen archway.
 15709 | D:13     | Noticed Maurice
 15717 | D:13     | Killed Maurice
 15793 | D:13     | 15793 ||| INVOKING Heroism.
 15796 | D:13     | 15796 ||| Stepping ~*~*~tactically~*~*~ (hiding).
 15803 | D:13     | Reached XP level 15. HP: 96/96 MP: 20/22
 15822 | D:13     | Found a gate to the Vaults.
 16154 | D:13     | 16154 ||| DROPPING orb of energy.
 16155 | D:13     | 16155 ||| UPGRADING to +0 kite shield.
 16165 | D:13     | 16165 ||| DROPPING +0 buckler.
 16263 | D:14     | 16263 ||| Stepping ~*~*~tactically~*~*~ (hiding).
 16287 | D:14     | Reached skill level 9 in Shields
 16309 | D:14     | 16309 ||| Stepping ~*~*~tactically~*~*~ (hiding).
 16310 | D:14     | 16310 ||| Stepping ~*~*~tactically~*~*~ (hiding).
 16358 | D:14     | 16358 ||| INVOKING Heroism.
 16358 | D:14     | Noticed Louise
 16359 | D:14     | 16359 ||| Stepping ~*~*~tactically~*~*~ (hiding).
 16362 | D:14     | 16362 ||| INVOKING Finesse.
 16367 | D:14     | Received a gift from Okawaru
 16373 | D:14     | Killed Louise
 16409 | D:14     | 16409 ||| DROPPING +0 morningstar.
 16431 | D:14     | 16431 ||| Stepping ~*~*~tactically~*~*~ (hiding).
 16432 | D:14     | 16432 ||| Stepping ~*~*~tactically~*~*~ (hiding).
 16433 | D:14     | 16433 ||| Stepping ~*~*~tactically~*~*~ (hiding).
 16492 | D:14     | Noticed Rupert
 16493 | D:14     | 16493 ||| INVOKING Heroism.
 16500 | D:14     | Killed Rupert
 16624 | D:14     | 16624 ||| Stepping ~*~*~tactically~*~*~ (stealth).
 16638 | D:14     | 16638 ||| Stepping ~*~*~tactically~*~*~ (hiding).
 16674 | D:14     | 16674 ||| INVOKING Heroism.
 16779 | D:14     | Found a hide-covered altar of Uskayaw.
 16781 | D:14     | Noticed Frances
 16782 | D:14     | 16782 ||| INVOKING Heroism.
 16783 | D:14     | 16783 ||| INVOKING Finesse.
 16792 | D:14     | Killed Frances
 16854 | D:14     | Noticed Azrael
 16855 | D:14     | 16855 ||| Stepping ~*~*~tactically~*~*~ (stealth).
 16857 | D:14     | 16857 ||| INVOKING Heroism.
 16858 | D:14     | 16858 ||| INVOKING Finesse.
 16865 | D:14     | Killed Azrael
 16876 | D:14     | 16876 ||| FLEEEEING.
 17025 | D:14     | Reached skill level 12 in Shields
 17188 | D:14     | 17188 ||| UPGRADING to +0 tower shield.
 17198 | D:14     | 17198 ||| DROPPING +0 kite shield.
 17233 | D:15     | Entered Level 15 of the Dungeon
 17304 | D:15     | 17304 ||| INVOKING Heroism.
 17362 | D:15     | Received a gift from Okawaru
 17389 | D:15     | Found a staircase to the Depths.
 17391 | D:15     | 17391 ||| INVOKING Heroism.
 17396 | D:15     | Received a gift from Okawaru
 17450 | D:15     | 17450 ||| Stepping ~*~*~tactically~*~*~ (hiding).
 17486 | D:15     | 17486 ||| INVOKING Heroism.
 17487 | D:15     | 17487 ||| INVOKING Finesse.
 17766 | D:15     | Found a portal to a secret trove of treasure.
 17772 | D:15     | 17772 ||| PLANNING ORC
 17772 | D:15     | 17772 ||| READING 13 scrolls of identify.
 17772 | D:15     | 17772 ||| IDENTIFYING viscous orange potion
 17773 | D:15     | 17773 ||| DROPPING potion of ambrosia.
 17924 | Orc:1    | Entered Level 1 of the Orcish Mines
 18146 | Orc:2    | Entered Level 2 of the Orcish Mines
 18146 | Orc:2    | Found a staircase to the Elven Halls.
 18161 | Orc:2    | 18161 ||| INVOKING Heroism.
 18190 | Orc:1    | 18190 ||| INVOKING Finesse.
 18193 | Orc:1    | 18193 ||| Stepping ~*~*~tactically~*~*~ (hiding).
 18200 | Orc:1    | Noticed an orc warlord
 18210 | Orc:1    | Reached XP level 16. HP: 72/101 MP: 19/23
 18437 | Orc:1    | 18437 ||| UPGRADING to +3 plate armour of fire resistance.
 18447 | Orc:1    | 18447 ||| DROPPING +0 plate armour.
 18504 | Orc:2    | Found Ityit's Distillery.
 18513 | Orc:2    | 18513 ||| BUYING 2 potions of curing (78 gold).
 18513 | Orc:2    | Bought 2 potions of curing for 78 gold pieces
 18513 | Orc:2    | 18513 ||| BUYING potion of curing (39 gold).
 18513 | Orc:2    | Bought a potion of curing for 39 gold pieces
 18513 | Orc:2    | 18513 ||| BUYING potion of haste (130 gold).
 18513 | Orc:2    | Bought a potion of haste for 130 gold pieces
 18513 | Orc:2    | 18513 ||| BUYING potion of heal wounds (65 gold).
 18513 | Orc:2    | Bought a potion of heal wounds for 65 gold pieces
 18513 | Orc:2    | 18513 ||| BUYING potion of might (52 gold).
 18513 | Orc:2    | Bought a potion of might for 52 gold pieces
 18513 | Orc:2    | 18513 ||| BUYING potion of mutation (104 gold).
 18513 | Orc:2    | Bought a potion of mutation for 104 gold pieces
 18513 | Orc:2    | 18513 ||| BUYING potion of resistance (130 gold).
 18513 | Orc:2    | Bought a potion of resistance for 130 gold pieces
 18579 | Orc:2    | 18579 ||| Stepping ~*~*~tactically~*~*~ (stealth).
 18600 | Orc:2    | 18600 ||| INVOKING Heroism.
 18938 | Orc:2    | Noticed Josephine
 18946 | Orc:2    | Killed Josephine
 19058 | Orc:2    | 19058 ||| Stepping ~*~*~tactically~*~*~ (hiding).
 19072 | Orc:2    | 19072 ||| INVOKING Heroism.
 19075 | Orc:2    | Found Qenequch's Antique Armour Boutique.
 19081 | Orc:2    | Received a gift from Okawaru
 19099 | Orc:2    | Reached skill level 15 in Shields
 19102 | Orc:2    | 19102 ||| Stepping ~*~*~tactically~*~*~ (hiding).
 19169 | Orc:2    | Found Buutod's Antique Weapon Shoppe.
 19174 | Orc:2    | 19174 ||| BUYING pair of embroidered gloves (150 gold).
 19174 | Orc:2    | Bought a pair of embroidered gloves for 150 gold pieces
 19192 | Orc:2    | Found Xohinlad's Magic Scroll Shoppe.
 19194 | Orc:2    | Found Mayxzap's Armour Boutique.
 19208 | Orc:2    | 19208 ||| BUYING scroll of enchant armour (90 gold).
 19208 | Orc:2    | Bought a scroll of enchant armour for 90 gold pieces
 19208 | Orc:2    | 19208 ||| BUYING scroll of teleportation (36 gold).
 19208 | Orc:2    | Bought a scroll of teleportation for 36 gold pieces
 19208 | Orc:2    | 19208 ||| READING scroll of enchant armour.
 19208 | Orc:2    | 19208 ||| ENCHANTING +3 plate armour of fire resistance.
 19247 | Orc:2    | 19247 ||| DRINKING 14 potions of curing.
 19247 | Orc:2    | 19247 ||| (to cure confusion)
 19278 | Orc:2    | 19278 ||| INVOKING Heroism.
 19282 | Orc:2    | 19282 ||| DRINKING 13 potions of curing.
 19282 | Orc:2    | 19282 ||| (to cure confusion)
 19314 | Orc:2    | 19314 ||| INVOKING Heroism.
 19438 | Orc:2    | 19438 ||| PLANNING SPIDER:1-3
 19438 | Orc:2    | 19438 ||| UPGRADING to +2 pair of gloves.
 19663 | Spider:1 | Entered Level 1 of the Spider Nest
 19671 | Spider:1 | 19671 ||| INVOKING Heroism.
 19797 | Spider:1 | 19797 ||| Waiting to end mesmerise (stuck).
 19798 | Spider:1 | 19798 ||| Stepping ~*~*~tactically~*~*~ (stealth).
 19940 | Spider:1 | 19940 ||| Stepping ~*~*~tactically~*~*~ (stealth).
 19977 | Spider:1 | Received a gift from Okawaru
 20026 | Spider:1 | 20026 ||| READING scroll of acquirement.
 20026 | Spider:1 | 20026 ||| ACQUIRING +8 broad axe "Hasot" {drain, *Noise
                  | Will++ Int+5}
 20026 | Spider:1 | Acquired the +8 broad axe "Hasot" {drain, *Noise Will++
                  | Int+5}
 20086 | Spider:1 | 20086 ||| FLEEEEING.
 20167 | Spider:1 | 20167 ||| Stepping ~*~*~tactically~*~*~ (stealth).
 20174 | Spider:1 | 20174 ||| INVOKING Heroism.
 20304 | Spider:1 | 20304 ||| Stepping ~*~*~tactically~*~*~ (stealth).
 20397 | Spider:1 | 20397 ||| Stepping ~*~*~tactically~*~*~ (hiding).
 20402 | Spider:1 | 20402 ||| INVOKING Heroism.
 20453 | Spider:1 | 20453 ||| Stepping ~*~*~tactically~*~*~ (stealth).
 20783 | Spider:2 | 20783 ||| DRINKING 12 potions of curing.
 20783 | Spider:2 | 20783 ||| (to cure confusion)
 20786 | Spider:2 | 20786 ||| INVOKING Heroism.
 20792 | Spider:2 | Reached skill level 12 in Armour
 20941 | Spider:2 | Received a gift from Okawaru
 20973 | Spider:2 | 20973 ||| Stepping ~*~*~tactically~*~*~ (stealth).
 20976 | Spider:2 | 20976 ||| Stepping ~*~*~tactically~*~*~ (stealth).
 20979 | Spider:2 | 20979 ||| INVOKING Finesse.
 21001 | Spider:2 | 21001 ||| Stepping ~*~*~tactically~*~*~ (stealth).
 21008 | Spider:2 | Identified the scarf of the Arcane {repulsion, Harm rPois}
                  | (Okawaru gifted it to you on level 2 of the Spider Nest)
 21008 | Spider:2 | Received a gift from Okawaru
 21039 | Spider:2 | 21039 ||| DRINKING 11 potions of curing.
 21039 | Spider:2 | 21039 ||| (to cure confusion)
 21061 | Spider:2 | 21061 ||| Stepping ~*~*~tactically~*~*~ (stealth).
 21064 | Spider:2 | 21064 ||| Stepping ~*~*~tactically~*~*~ (stealth).
 21065 | Spider:2 | 21065 ||| Stepping ~*~*~tactically~*~*~ (stealth).
 21143 | Spider:2 | 21143 ||| INVOKING Finesse.
 21171 | Spider:2 | 21171 ||| Stepping ~*~*~tactically~*~*~ (stealth).
 21173 | Spider:2 | 21173 ||| Stepping ~*~*~tactically~*~*~ (stealth).
 21176 | Spider:2 | 21176 ||| Stepping ~*~*~tactically~*~*~ (stealth).
 21179 | Spider:2 | 21179 ||| Stepping ~*~*~tactically~*~*~ (stealth).
 21193 | Spider:2 | 21193 ||| Stepping ~*~*~tactically~*~*~ (stealth).
 21198 | Spider:2 | 21198 ||| Stepping ~*~*~tactically~*~*~ (hiding).
 21207 | Spider:2 | Reached XP level 17. HP: 106/106 MP: 24/24
 21222 | Spider:2 | 21222 ||| INVOKING Heroism.
 21240 | Spider:2 | 21240 ||| Stepping ~*~*~tactically~*~*~ (hiding).
 21393 | Spider:2 | Found a runed translucent door.
 21393 | Spider:2 | Noticed qw's ghost (adept GrFi)
 21393 | Spider:2 | Found the +9 scales of the Dragon King {rPois rF+ rC+
                  | Will+}
 21546 | Spider:2 | 21546 ||| DROPPING scarf of the Arcane {repulsion, Harm
                  | rPois}.
 21547 | Spider:2 | 21547 ||| DROPPING +2 pair of gloves.
 22125 | Spider:3 | 22125 ||| INVOKING Heroism.
 22245 | Spider:3 | 22245 ||| DROPPING +0 war axe.
 22257 | Spider:3 | 22257 ||| Stepping ~*~*~tactically~*~*~ (hiding).
 22259 | Spider:3 | 22259 ||| Stepping ~*~*~tactically~*~*~ (hiding).
 22261 | Spider:3 | 22261 ||| INVOKING Heroism.
 22412 | Spider:3 | 22412 ||| INVOKING Finesse.
 22417 | Spider:3 | 22417 ||| DRINKING 12 potions of curing.
 22417 | Spider:3 | 22417 ||| (to cure confusion)
 22572 | Spider:3 | 22572 ||| Stepping ~*~*~tactically~*~*~ (hiding).
 22575 | Spider:3 | 22575 ||| INVOKING Finesse.
 22596 | Spider:3 | Reached skill level 6 in Throwing
 22891 | Spider:3 | 22891 ||| READING scroll of enchant armour.
 22891 | Spider:3 | 22891 ||| ENCHANTING +4 plate armour of fire resistance.
 23015 | Spider:3 | 23015 ||| PLANNING SWAMP:1-3
 23210 | Swamp:1  | Entered Level 1 of the Swamp
 23223 | Swamp:1  | 23223 ||| INVOKING Heroism.
 23251 | Swamp:1  | 23251 ||| Stepping ~*~*~tactically~*~*~ (stealth).
 23258 | Swamp:1  | 23258 ||| Stepping ~*~*~tactically~*~*~ (stealth).
 23310 | Swamp:1  | 23310 ||| Stepping ~*~*~tactically~*~*~ (stealth).
 23316 | Swamp:1  | 23316 ||| Stepping ~*~*~tactically~*~*~ (stealth).
 23422 | Swamp:1  | 23422 ||| Stepping ~*~*~tactically~*~*~ (cloud).
 23436 | Swamp:1  | 23436 ||| INVOKING Heroism.
 23445 | Swamp:1  | 23445 ||| Stepping ~*~*~tactically~*~*~ (stealth).
 23488 | Swamp:1  | 23488 ||| INVOKING Heroism.
 23776 | Swamp:1  | 23776 ||| DROPPING ring of wizardry.
 23796 | Swamp:2  | 23796 ||| INVOKING Heroism.
 23807 | Swamp:2  | Reached skill level 18 in Axes
 23809 | Swamp:2  | Received a gift from Okawaru
 23922 | Swamp:2  | 23922 ||| Stepping ~*~*~tactically~*~*~ (hiding).
 23923 | Swamp:2  | 23923 ||| Stepping ~*~*~tactically~*~*~ (hiding).
 23924 | Swamp:2  | 23924 ||| Stepping ~*~*~tactically~*~*~ (hiding).
 23961 | Swamp:2  | 23961 ||| Stepping ~*~*~tactically~*~*~ (hiding).
 23962 | Swamp:2  | 23962 ||| Stepping ~*~*~tactically~*~*~ (hiding).
 23964 | Swamp:2  | 23964 ||| Stepping ~*~*~tactically~*~*~ (hiding).
 24113 | Swamp:2  | 24113 ||| INVOKING Heroism.
 24135 | Swamp:2  | 24135 ||| DROPPING +0 broad axe.
 24159 | Swamp:2  | 24159 ||| INVOKING Heroism.
 24166 | Swamp:2  | Paralysed by a fenstrider witch for 3 turns
 24174 | Swamp:2  | HP: 23/108 [??? (6)]
 24175 | Swamp:2  | 24175 ||| READING 14 scrolls of teleportation.
 24176 | Swamp:2  | 24176 ||| DRINKING 9 potions of heal wounds.
 24177 | Swamp:2  | Paralysed by a fenstrider witch for 5 turns
 24184 | Swamp:2  | 24184 ||| READING 13 scrolls of teleportation.
 24185 | Swamp:2  | 24185 ||| DRINKING 8 potions of heal wounds.
 24188 | Swamp:2  | 24188 ||| INVOKING Heroism.
 24201 | Swamp:2  | 24201 ||| Stepping ~*~*~tactically~*~*~ (hiding).
 24202 | Swamp:2  | 24202 ||| Stepping ~*~*~tactically~*~*~ (hiding).
 24205 | Swamp:2  | Received a gift from Okawaru
 24348 | Swamp:2  | 24348 ||| INVOKING Heroism.
 24499 | Swamp:2  | 24499 ||| DROPPING scarf of shadows.
 24526 | Swamp:3  | 24526 ||| INVOKING Heroism.
 24531 | Swamp:3  | Reached XP level 18. HP: 89/114 MP: 22/25
 24572 | Swamp:3  | 24572 ||| DROPPING +1 heavy morningstar.
 24577 | Swamp:3  | 24577 ||| Stepping ~*~*~tactically~*~*~ (hiding).
 24580 | Swamp:3  | 24580 ||| INVOKING Heroism.
 24619 | Swamp:3  | Noticed Donald
 24620 | Swamp:3  | 24620 ||| INVOKING Heroism.
 24630 | Swamp:3  | Killed Donald
 24726 | Swamp:3  | 24726 ||| INVOKING Heroism.
 24747 | Swamp:3  | 24747 ||| Stepping ~*~*~tactically~*~*~ (hiding).
 25293 | Swamp:3  | 25293 ||| Stepping ~*~*~tactically~*~*~ (hiding).
 25321 | Swamp:3  | 25321 ||| PLANNING SPIDER:4
 25560 | Spider:4 | Entered Level 4 of the Spider Nest
 25565 | Spider:4 | 25565 ||| INVOKING Heroism.
 25589 | Spider:4 | HP: 25/112 [jorogumo (6)]
 25590 | Spider:4 | 25590 ||| READING 13 scrolls of teleportation.
 25591 | Spider:4 | 25591 ||| DRINKING 9 potions of heal wounds.
 25601 | Spider:4 | HP: 28/114 [spark wasp (3)]
 25602 | Spider:4 | 25602 ||| READING 12 scrolls of teleportation.
 25603 | Spider:4 | 25603 ||| DRINKING 8 potions of heal wounds.
 25608 | Spider:4 | HP: 22/116 [disintegration (31)]
 25609 | Spider:4 | 25609 ||| READING 11 scrolls of teleportation.
 25610 | Spider:4 | 25610 ||| DRINKING 7 potions of heal wounds.
 25613 | Spider:4 | 25613 ||| INVOKING Heroism.
 25622 | Spider:4 | Reached skill level 18 in Shields
 25628 | Spider:4 | Received a gift from Okawaru
 25642 | Spider:4 | 25642 ||| DRINKING 13 potions of curing.
 25642 | Spider:4 | 25642 ||| (to cure confusion)
 25659 | Spider:4 | Blown up by an orb spider

Levels and vault maps discovered:
D:1:      ncdulo_smallfort, layout_loops_ring,
          shapermc_ecumenical_altar_mp_urbaneastern
D:2:      layout_loops_ring, serial_glass, glass_columns_a, glass_columns_c,
          item_on_display_a, minmay_strange_pillars, minmay_strange_pillars,
          serial_shops, shop
D:3:      layout_basic, nicolae_elyvilon_temple_path, grunt_qazlal_clouds,
          serial_shops, nicolae_shop_trees, amcnicky_mini_rare_corridor_liquid,
          uniq_jessica
D:4:      layout_gridville, lemuel_round_altar, gup_sewer_entry_bubbles,
          uniq_eustachio, uniq_edmund
D:5:      layout_cave_pods, zin_angel, minmay_temple_entry_mini_moons,
          minmay_strange_pillars
D:6:      layout_loops_cross, serial_shops, shop, shop_fountains, uniq_sigmund
D:7:      layout_gridville, kennysheep_mini_moat, uniq_duvessa,
          uniq_prince_ribbit1, uniq_pikel
D:8:      layout_layer_cave, nicolae_overflow_crystal_walls, uniq_erica
D:9:      nicolae_hitomezashi [nicolae_hito_row, nicolae_hito_row,
          nicolae_hito_row, nicolae_hito_row, nicolae_hito_row,
          nicolae_hito_row, nicolae_hito_row, nicolae_hito_row,
          nicolae_hito_row, nicolae_hito_row, nicolae_hito_row,
          nicolae_hito_row, nicolae_hito_row, nicolae_hito_row,
          nicolae_hito_row, nicolae_hito_row, nicolae_hito_row,
          nicolae_hito_row], layout_basic, okawaru_humans,
          mainiacjoe_overflow_24_doors, orc_0_dummy
D:10:     layout_stronghold, nemelex_xobeh_ov_fountains_minmay,
          david_lair_generic, minivault_14, dreamdust_deal_with_the_devil
D:11:     layout_gridville, grunt_dithmenos_smoke_and_mirrors, uniq_nergalle
D:12:     layout_basic, serial_shops, shop, kennysheep_mini, tgw_lugonu_bribe
D:13:     layout_small_grid, grunt_vaults_entry_fortified, portal_ice_cave_rime,
          uniq_maurice
D:14:     layout_loops_cross, minmay_tree_intersection,
          nicolae_uskayaw_en_pointe, uniq_frances, uniq_azrael, uniq_rupert,
          uniq_louise
D:15:     gammafunk_depths_entry_grave, layout_cave_pools, serial_bayou_pond_a,
          nicolae_trove_entry_crystal
Temple:   hellmonk_temple_divided_pantheon
Lair:1:   layout_long_grid, nicolae_quartered_pool_little, lemuel_fruit_tree,
          infiniplex_staircase_pool, grunt_megastairs_4, serial_bayou_shore_b
Lair:2:   layout_roguey, minmay_swamp_entry_worms,
          nicolae_spider_entry_tight_spaces, uniq_gastronok
Lair:3:   layout_regular_city, basic_altar, grunt_forest_large_clearings
Lair:4:   layout_misc_corridors
Lair:5:   hangedman_lair_caniforms_friends, layout_cave_pods,
          guppyfry_lair_end_dragon, dpeg_slime_entry_corner,
          chequers_serial_rivers_marsh, grunt_forest_small_clearing_treed,
          serial_bayou_shore_a
Swamp:1:  layout_basic_swamp, evilmike_swamp_ruin_house_1
Swamp:2:  layout_basic_swamp, nicolae_swamp_small_spring
Swamp:3:  layout_falls_marsh, evilmike_swamp_ruin_house_3, uniq_donald
Spider:1: layout_spider_delve, nicolae_spider_webs_and_nodes
Spider:2: lemuel_spider_zombies, ebering_ghost_inner_flame,
          nicolae_spider_paper_wasps
Spider:3: layout_cave_pods
Spider:4: hellmonk_spider_rune_bug_friends, nicolae_spider_spiderdrome
Orc:1:    layout_caves, nicolae_orc_tapped_out
Orc:2:    st_orc_elflike, layout_diamond_mine, basic_altar, serial_shops,
          nicolae_shop_industrial_runoff, uniq_josephine

Skill      XL: |  1  2  3  4  5  6  7  8  9 10 11 12 13 14 15 16 17 18 |
---------------+-------------------------------------------------------+-----
Axes           | 2 3 4 5 6 7 8 10 11 12 14 15 16 18 | 18.0
Fighting       | 4 5 6 8 9 10 11 12 13 14 | 14.3
Throwing       | 1 2 5 6 |  6.0
Dodging        | 1 2 3 4 5 |  5.0
Armour         | 4 5 6 9 10 11 12 13 | 13.0
Shields        | 4 5 6 7 8 14 17 18 | 18.0
Invocations    | 4 5 10 | 10.0

Action                     |  1- 3 |  4- 6 |  7- 9 | 10-12 | 13-15 | 16-18 || total
---------------------------+-------+-------+-------+-------+-------+-------++-------
  Melee: War axe           |    96 |       |       |       |       |       ||    96
         Broad axe         |    13 |    44 |    98 |   302 |   681 |   902 ||  2040
  Throw: Boomerang         |       |       |    37 |    70 |   138 |    86 ||   331
         Javelin           |       |       |       |       |    40 |    99 ||   139
 Invoke: Heroism           |       |       |       |    15 |    29 |    25 ||    69
         Finesse           |       |       |       |       |     9 |     4 ||    13
    Use: Scroll            |     3 |     5 |     9 |     8 |     7 |     8 ||    40
         Potion            |       |     2 |     4 |       |     1 |    11 ||    18
   Stab: Distracted        |       |       |       |       |     1 |       ||     1
         Held in net/web   |       |       |       |       |       |     1 ||     1
 Armour: Scale mail        |    39 |       |       |       |       |       ||    39
         Chain mail        |     4 |    48 |    40 |    66 |       |       ||   158
         Plate armour      |       |       |       |   147 |   340 |   476 ||   963
  Dodge: Dodged            |    41 |    25 |    20 |   135 |   221 |   224 ||   666
         Repelled          |       |       |       |       |     6 |    11 ||    17
  Block: Buckler           |    22 |     8 |    11 |    70 |   128 |       ||   239
         Tower shield      |       |       |       |       |    71 |   762 ||   833
         Kite shield       |       |       |       |       |    63 |       ||    63

Table legend:
 A = Non-vault XP
 B = Vault XP
 C = Vault XP percentage of total XP
 D = Non-vault monster count
 E = Vault monster count
 F = Vault count percentage of total count
                 A         B        C        D         E       F
            +---------+---------+-------+---------+---------+-------
      Total |  200129 |   68380 |  25.5 |     710 |     217 |  23.4
            +---------+---------+-------+---------+---------+-------
        D:1 |      53 |       0 |   0.0 |      28 |       0 |   0.0
        D:2 |      97 |       0 |   0.0 |      20 |       0 |   0.0
        D:3 |     146 |      37 |  20.2 |      19 |       1 |   5.0
        D:4 |     128 |     387 |  75.1 |       8 |       9 |  52.9
        D:5 |     244 |       0 |   0.0 |      10 |       0 |   0.0
        D:6 |     942 |     223 |  19.1 |      19 |       1 |   5.0
        D:7 |     675 |    1124 |  62.5 |      16 |       4 |  20.0
        D:8 |     647 |     807 |  55.5 |       6 |       1 |  14.3
        D:9 |    5083 |     406 |   7.4 |      49 |       2 |   3.9
       D:10 |    3773 |     775 |  17.0 |      19 |       4 |  17.4
       D:11 |    2889 |     767 |  21.0 |      16 |       1 |   5.9
       D:12 |    3983 |       0 |   0.0 |      14 |       0 |   0.0
       D:13 |    3289 |    7642 |  69.9 |       7 |      13 |  65.0
       D:14 |   15607 |    6369 |  29.0 |      39 |       9 |  18.8
       D:15 |    7027 |    5707 |  44.8 |      11 |       8 |  42.1
     Lair:1 |    2657 |     241 |   8.3 |      14 |       2 |  12.5
     Lair:2 |   10575 |    4021 |  27.5 |      34 |      12 |  26.1
     Lair:3 |    8841 |    2848 |  24.4 |      31 |      23 |  42.6
     Lair:4 |    6690 |       0 |   0.0 |      19 |       0 |   0.0
     Lair:5 |    6112 |   14294 |  70.0 |      16 |      70 |  81.4
    Swamp:1 |   11037 |       0 |   0.0 |      24 |       0 |   0.0
    Swamp:2 |   20399 |       0 |   0.0 |      36 |       0 |   0.0
    Swamp:3 |   11295 |    1407 |  11.1 |      20 |       1 |   4.8
   Spider:1 |   22481 |       0 |   0.0 |      55 |       0 |   0.0
   Spider:2 |   18452 |   11654 |  38.7 |      58 |      28 |  32.6
   Spider:3 |   15201 |       0 |   0.0 |      31 |       0 |   0.0
   Spider:4 |   12786 |       0 |   0.0 |      31 |       0 |   0.0
      Orc:1 |    4978 |       0 |   0.0 |      28 |       0 |   0.0
      Orc:2 |    4042 |    9671 |  70.5 |      32 |      28 |  46.7
            +---------+---------+-------+---------+---------+-------
